 Dungeon Crawl Stone Soup version 0.16.1-30-g34a7ffa (webtiles) character file.

363 ztt the Magician (level 6, -1/32 HPs)
             Began as a Deep Elf Wizard on June 19, 2015.
             Slain by Prince Ribbit (14 damage)
             ... on level 4 of the Dungeon.
             The game lasted 00:15:11 (3939 turns).

ztt the Magician (Deep Elf Wizard)                  Turns: 3939, Time: 00:15:11

Health: -1/32      AC:  3    Str:  4    XL:     6   Next: 39%
Magic:  9/23       EV: 13    Int: 25    God:
Gold:   177        SH:  0    Dex: 13    Spells: 4 memorised, 12 levels left

rFire  . . .     SeeInvis .     g - +0 dagger
rCold  . . .     Clarity  .     a - +0 robe
rNeg   . . .     SustAb   .     (no shield)
rPois  .         Gourm    .     b - +0 hat
rElec  .         Spirit   .     (no cloak)
rCorr  .         Warding  .     n - +0 pair of gloves (curse)
rMut   .         Stasis   .     (no boots)
MR     .....                    (no amulet)
Stlth  +++.......               (no ring)
                                (no ring)

@: very slightly contaminated, not resistant to hostile enchantments, fairly
stealthy
A: no striking features
a: no special abilities


You were on level 4 of the Dungeon.
You were not hungry.

You visited 1 branch of the dungeon, and saw 4 of its levels.

You collected 177 gold pieces.

Inventory:

Hand weapons
 g - a +0 dagger (weapon)
Armour
 a - a +0 robe (worn)
 b - a +0 hat (worn)
 n - a cursed +0 pair of gloves (worn)
Jewellery
 l - an uncursed ring of protection from magic
Magical devices
 s - a wand of slowing (18)
Scrolls
 h - 5 scrolls of remove curse
 o - 3 scrolls of random uselessness
 p - a scroll of blinking
Potions
 e - 3 potions of brilliance
 f - 3 potions of cancellation {unknown}
 i - a potion of berserk rage {unknown}
 j - 2 potions of curing
 k - a potion of beneficial mutation {unknown}
 m - 2 potions of mutation {unknown}
 q - a potion of poison {unknown}
Books
 c - a book of Minor Magic

   Spells                             Type                      Level
   a - Magic Dart                     Conjuration                  1
   b - Blink                          Translocation                2
   c - Call Imp                       Summoning                    2
   d - Repel Missiles                 Charms/Air                   2
   e - Slow                           Hexes                        2
   f - Conjure Flame                  Conjuration/Fire             3
   g - Mephitic Cloud                 Conjuration/Poison/Air       3
Comestibles
 d - a bread ration
 r - a meat ration


   Skills:
 + Level 3.4 Dodging
 * Level 4.3 Stealth
 + Level 7.1 Spellcasting
 + Level 2.4 Conjurations
 + Level 3.1 Summonings
 + Level 1.3 Translocations


You had 12 spell levels left.
You knew the following spells:

 Your Spells              Type           Power        Failure   Level  Hunger
a - Magic Dart            Conj           ###.         2%          1    None
b - Call Imp              Summ           ###.....     3%          2    None
c - Blink                 Tloc           N/A          8%          2    None
d - Repel Missiles        Chrm/Air       #.....       12%         2    None


Dungeon Overview and Level Annotations

Branches:
Dungeon (4/15)
 Temple: D:4-7

Altars:
Cheibriados
Elyvilon
Yredelemnul

Annotations:
D:4 Dowan; Duvessa; Jb9000's ghost, experienced DrBe; Prince Ribbit


Message History

The orc wizard hits you with a dagger.
Prince Ribbit comes into view.
Casting: Magic Dart
Confirm with . or Enter, or press ? or * to list all spells.
Aiming: Magic Dart
Press: ? - help, Shift-Dir - straight line, f - orc wizard
Aim: an orc wizard, wielding a dagger and wearing a robe (moderately wounded)
The magic dart hits the orc wizard.
The orc wizard is heavily wounded.
Your crimson imp blinks! x2
The orc wizard barely misses you.
Casting: Magic Dart
Confirm with . or Enter, or press ? or * to list all spells.
Aiming: Magic Dart
Press: ? - help, Shift-Dir - straight line, f/p - orc wizard
Aim: an orc wizard, wielding a dagger and wearing a robe (heavily wounded)
The magic dart hits the orc wizard.
The orc wizard is almost dead.
Your white imp misses Prince Ribbit.
Prince Ribbit hits you!
You die...

.
.....####+##
#...o@5.#
#.).F5..'..+
#...5...#..#
#.......ยง..#
##########. .


You could see Prince Ribbit, an orc wizard, 2 friendly crimson imps and a
friendly white imp.

Vanquished Creatures
  Grinder (D:3)
  An orc priest (D:3)
  A gnoll (D:3)
  A giant mite (D:1)
  A giant gecko (D:3)
  6 orcs
  5 bats
  2 giant cockroaches
  4 goblins
  3 hobgoblins
  8 jackals
  3 kobolds
  A ball python (D:2)
  3 giant newts
  A quokka (D:2)
  3 rats
44 creatures vanquished.

Vanquished Creatures (collateral kills)
  A giant frog (D:3)
  A goliath beetle (D:3)
  An orc wizard (D:4)
  An orc priest (D:3)
  3 gnolls (D:2)
  2 adders (D:3)
  6 orcs (D:3)
  A goblin (D:3)
  2 hobgoblins (D:3)
18 creatures vanquished.

Vanquished Creatures (others)
  8 crimson imps
  An iron imp (D:3)
  4 shadow imps (D:3)
  7 white imps
20 creatures vanquished.

Grand Total: 82 creatures vanquished

Notes
Turn   | Place    | Note
--------------------------------------------------------------
     0 | D:1      | ztt, the Deep Elf Wizard, began the quest for the Orb.
     0 | D:1      | Reached XP level 1. HP: 10/10 MP: 6/6
   374 | D:1      | Reached skill level 5 in Spellcasting
   374 | D:1      | Reached XP level 2. HP: 15/15 MP: 2/11
   452 | D:1      | Learned a level 2 spell: Call Imp
   455 | D:1      | Learned a level 2 spell: Blink
   458 | D:1      | Learned a level 2 spell: Repel Missiles
  1268 | D:2      | Reached XP level 3. HP: 15/19 MP: 10/14
  2334 | D:3      | Reached skill level 6 in Spellcasting
  2334 | D:3      | Reached XP level 4. HP: 21/24 MP: 13/18
  2485 | D:3      | Noticed Grinder
  2516 | D:3      | Paralysed by Grinder for 2 turns
  2568 | D:3      | Paralysed by Grinder for 5 turns
  2578 | D:3      | Paralysed by Grinder for 3 turns
  2837 | D:3      | Killed Grinder
  2837 | D:3      | Reached XP level 5. HP: 28/28 MP: 4/21
  2861 | D:3      | Found a white marble altar of Elyvilon.
  2977 | D:3      | Noticed a giant frog
  2993 | D:3      | Killed a giant frog
  2993 | D:3      | Reached skill level 7 in Spellcasting
  2993 | D:3      | Reached XP level 6. HP: 22/32 MP: 15/23
  3279 | D:3      | Found a basalt altar of Yredelemnul.
  3622 | D:3      | Found a snail-covered altar of Cheibriados.
  3869 | D:4      | Noticed Duvessa
  3869 | D:4      | Noticed Dowan
  3869 | D:4      | Noticed Jb9000's ghost (experienced DrBe)
  3938 | D:4      | Noticed Prince Ribbit
  3939 | D:4      | Slain by Prince Ribbit

Action                   |  1- 3 |  4- 6 || total
-------------------------+-------+-------++-------
Melee: Dagger            |    10 |     1 ||    11
 Cast: Magic Dart        |    74 |    59 ||   133
       Call Imp          |    11 |    37 ||    48
       Blink             |       |     4 ||     4
  Use: Scroll            |     8 |       ||     8
  Eat: Chunk             |     2 |     5 ||     7
       Beef jerky        |     1 |       ||     1
